 Dungeon Crawl Stone Soup version 0.31-a0-675-g238779eb0a (webtiles) character file.

Game seed: 14642928199635951999

325 qw the Shooter (level 6, -2/38 HPs)
             Began as a Gargoyle Hunter on Sept 5, 2023.
             Slain by an ufetubus (3 damage)
             ... on level 4 of the Dungeon.
             The game lasted 00:01:16 (2591 turns).

qw the Shooter (Gargoyle Hunter)                    Turns: 2591, Time: 00:01:16

Health: -2/38      AC:  9    Str: 15    XL:     6   Next: 48%
Magic:  6/6        EV: 11    Int:  9    God:
Gold:   86         SH:  0    Dex: 15    Spells: 5/5 levels left

rFire   . . .        Y - +2 shortbow
rCold   . . .        (shield currently unavailable)
rNeg    + . .        h - +0 ring mail
rPois   inf          (no helmet)
rElec   +            (no cloak)
rCorr   .            (no gloves)
SInv    .            (no boots)
Will    .....        (no amulet)
Stlth   +            (no ring)
HPRegen 0.26/turn    (no ring)
MPRegen 0.10/turn

%: no passive effects
@: about to teleport
A: sickness immunity, AC +4, negative energy resistance 1, electricity
resistance, torment resistance 1, petrification resistance
a: no special abilities


You were on level 4 of the Dungeon.
You visited 2 branches of the dungeon, and saw 5 of its levels.

You collected 86 gold pieces.


Innate Abilities, Weirdness & Mutations

You are immune to sickness and miasma.
Your stone body is resilient. (AC +4)
You are immune to poison.
You resist negative energy. (rN+)
You are resistant to electric shocks. (rElec)
You are resistant to unholy torment.
You are immune to petrification.


   Skills:
 - Level 4.0 Fighting
 + Level 6.7 Ranged Weapons
 - Level 1.2 Armour
 - Level 1.5 Dodging
 - Level 1.1 Stealth


You had 5 spell levels left.
You didn't know any spells.
Your spell library was empty.

Inventory:

Hand Weapons
 Y - a +2 shortbow (weapon)
Armour
 h - a +0 ring mail (worn)
Scrolls
 g - a scroll of identify
Potions
 a - a potion of magic {unknown}
 c - a potion of mutation {unknown}
 d - a potion of curing
 f - 3 potions of might
 i - a potion of enlightenment {unknown}

Dungeon Overview and Level Annotations

Branches:
Dungeon (4/15)             Temple (1/1) D:4

Altars:
Ashenzari
Cheibriados
Dithmenos
Elyvilon
Fedhas
Gozag
Hepliaklqana
Nemelex Xobeh
Qazlal
Ru
Trog
Uskayaw
Vehumet
Yredelemnul
The Shining One


Message History

You shoot an arrow. The arrow barely misses the lemure.
The orc shouts!
The lemure hits you but does no damage. The goblin barely misses you.
The lemure misses you. The goblin closely misses you.
You shoot an arrow. The arrow hits the lemure.
The lemure is moderately wounded.
The goblin hits you but does no damage. The lemure completely misses you.
You shoot an arrow. The arrow hits the lemure.
The lemure is heavily wounded.
The lemure hits you. The goblin hits you but does no damage.
You shoot an arrow. The arrow closely misses the lemure.
The lemure hits you but does no damage. The goblin hits you with a +0 club.
You shoot an arrow. The arrow closely misses the lemure.
The lemure hits you but does no damage.
The orc hits you from afar with a +1 trident of flaming.
The orc burns you. The goblin hits you but does no damage.
You shoot an arrow. The arrow closely misses the lemure.
The lemure hits you but does no damage. The orc hits you but does no damage.
The goblin hits you with a +0 club.
You shoot an arrow. The arrow closely misses the lemure.
The lemure hits you but does no damage.
The orc hits you from afar with a +1 trident of flaming.
The orc burns you. The goblin completely misses you.
The orc hits you but does no damage. The lemure hits you.
The goblin closely misses you.
You shoot an arrow. The arrow hits the lemure!
The lemure is almost dead.
The lemure closely misses you. The orc barely misses you.
The goblin closely misses you.
You shoot an arrow. The arrow hits the lemure!
You kill the lemure!
That felt strangely unrewarding.
The goblin hits you but does no damage.
The orc hits you from afar with a +1 trident of flaming!
The orc burns you.
2591 ||| READING scroll of teleportation.
As you read the scroll of teleportation, it crumbles to dust.
You feel strangely unstable. The ufetubus hits you.
You die...

### ..# .....###########.#
..............##.#
....#####....##.######+#
..............#.#.......
###+###..[....###.#.......
..>...#................%..
##..#........#####........
....#..........g@..#######
....#.#.#.....o5####
......#.#)##.##.#
....>...#.##.#...
......#.#.##.#.#..
.#....#.#.# #. ...
....#<..# #. ..55
.#..#...# #. .....
....#.#.# #. ......


You could see an orc, an ufetubus and a goblin.

Vanquished Creatures
  A lemure (D:4)
  A hound (D:4)
  An iguana (D:4)
  Ijyb (D:3)
  An orc wizard (D:2)
  8 adders
  6 gnolls
  A worm (D:2)
  4 dart slugs
  10 orcs
  7 bats
  3 endoplasms
  A giant cockroach (D:2)
  7 goblins
  5 hobgoblins
  3 jackals (D:1)
  4 kobolds
  6 quokkas
  3 ball pythons
  3 frilled lizards
  5 rats
81 creatures vanquished.

Notes
Turn   | Place    | Note
-------+----------+-------------------------------------------
     0 | D:1      | qw the Gargoyle Hunter began the quest for the Orb.
     0 | D:1      | Reached XP level 1. HP: 12/12 MP: 1/1
     0 | D:1      | 0 ||| qw: Version: 0.3-a-75-g829b12e
     0 | D:1      | 0 ||| qw: Game counter: 56
     0 | D:1      | 0 ||| qw: Melee chars always use a shield: true
     0 | D:1      | 0 ||| qw: God list: Okawaru
     0 | D:1      | 0 ||| qw: Allow faded altars: false
     0 | D:1      | 0 ||| qw: Do Orc after clearing Dungeon:15 true
     0 | D:1      | 0 ||| qw: Do second Lair branch before Depths: true
     0 | D:1      | 0 ||| qw: Lair rune preference: random
     0 | D:1      | 0 ||| qw: Goals: Normal
     0 | D:1      | 0 ||| PLANNING D:1-11
   241 | D:1      | Reached XP level 2. HP: 13/17 MP: 2/2
   656 | D:1      | 656 ||| UPGRADING to +0 ring mail.
   666 | D:1      | 666 ||| DROPPING +0 leather armour.
   667 | D:1      | 667 ||| DROPPING ring of magical power.
   668 | D:1      | 668 ||| READING scroll labelled LABRU OZEELL.
   672 | D:1      | 672 ||| READING scroll labelled NUONGUS QIAT.
   673 | D:1      | 673 ||| READING scroll labelled FYRRAGOIM.
   674 | D:1      | 674 ||| DRINKING 3 metallic yellow potions.
   675 | D:1      | 675 ||| DROPPING scroll of butterflies.
   695 | D:2      | Reached skill level 1 in Armour
   695 | D:2      | Reached XP level 3. HP: 21/21 MP: 3/3
   851 | D:2      | Reached skill level 5 in Ranged Weapons
  1002 | D:2      | Reached skill level 3 in Fighting
  1002 | D:2      | Reached XP level 4. HP: 28/28 MP: 4/4
  1017 | D:2      | 1017 ||| Stepping ~*~*~tactically~*~*~ (retreating).
  1032 | D:2      | HP: 5/28 [gnoll/+0 spear (8)]
  1033 | D:2      | 1033 ||| READING scroll of teleportation.
  1244 | D:2      | Reached XP level 5. HP: 29/32 MP: 5/5
  1253 | D:2      | 1253 ||| FLEEEEING.
  1254 | D:2      | 1254 ||| FLEEEEING.
  1255 | D:2      | 1255 ||| FLEEEEING.
  1256 | D:2      | 1256 ||| FLEEEEING.
  1257 | D:2      | 1257 ||| FLEEEEING.
  1258 | D:2      | 1258 ||| FLEEEEING.
  1259 | D:2      | 1259 ||| FLEEEEING.
  1260 | D:2      | 1260 ||| FLEEEEING.
  1261 | D:2      | 1261 ||| FLEEEEING.
  1262 | D:2      | 1262 ||| FLEEEEING.
  1263 | D:2      | 1263 ||| FLEEEEING.
  1264 | D:2      | 1264 ||| STAIRDANCE
  1277 | D:1      | 1277 ||| READING scroll labelled XEF ESKOTAMETS.
  1278 | D:1      | 1278 ||| READING scroll labelled ZEAQAI QIDO.
  1619 | D:3      | 1619 ||| READING scroll of enchant weapon.
  1619 | D:3      | 1619 ||| ENCHANTING +1 shortbow.
  1633 | D:3      | Noticed Ijyb
  1635 | D:3      | 1635 ||| Stepping ~*~*~tactically~*~*~ (outnumbered).
  1676 | D:3      | Killed Ijyb
  1677 | D:3      | Reached skill level 6 in Ranged Weapons
  1767 | D:3      | 1767 ||| FLEEEEING.
  1768 | D:3      | 1768 ||| FLEEEEING.
  1769 | D:3      | 1769 ||| STAIRDANCE
  1811 | D:2      | 1811 ||| READING scroll labelled DEOTSE BOH QESH.
  1812 | D:2      | 1812 ||| DRINKING 2 smoky blue potions.
  1813 | D:2      | 1813 ||| DRINKING 2 sedimented puce potions.
  1814 | D:2      | 1814 ||| DROPPING potion of brilliance.
  1818 | D:3      | 1818 ||| Stepping ~*~*~tactically~*~*~ (outnumbered).
  1820 | D:3      | 1820 ||| STAIRDANCE
  1822 | D:2      | 1822 ||| DRINKING potion of curing.
  1822 | D:2      | 1822 ||| (to cure confusion)
  1828 | D:3      | 1828 ||| STAIRDANCE
  1858 | D:3      | 1858 ||| STAIRDANCE
  1911 | D:3      | Reached XP level 6. HP: 38/38 MP: 6/6
  2502 | D:3      | 2502 ||| READING scroll labelled SOIWIDW XAFA.
  2529 | D:4      | Found a staircase to the Ecumenical Temple.
  2530 | D:4      | 2530 ||| PLANNING TEMPLE
  2542 | Temple   | Entered the Ecumenical Temple
  2543 | Temple   | 2543 ||| PLANNING D:1-11
  2573 | D:4      | 2573 ||| Stepping ~*~*~tactically~*~*~ (retreating).
  2590 | D:4      | HP: 5/38 [orc/+1 trident of flaming (7)]
  2590 | D:4      | HP: 1/38 [orc/+1 trident of flaming (4)]
  2591 | D:4      | 2591 ||| READING scroll of teleportation.
  2591 | D:4      | Slain by an ufetubus

Levels and vault maps discovered:
D:1:      sevenhm_arrival_forest_fort_large_2, layout_loops_ring
D:2:      layout_loops_ring, nicolae_grassy_gnolls
D:3:      minmay_evil_eye, layout_loops_ring, uniq_ijyb
D:4:      layout_basic, makhleb_heckhound_becter,
          minmay_temple_entry_butterflies, ebering_ghost_disaster_area,
          grunt_decor_junction, uniq_duvessa, uniq_pikel
Temple:   nicolae_temple_no_exploring_needed

Skill      XL: |  1  2  3  4  5  6 |
---------------+-------------------+-----
Armour         | 1 |  1.2
Ranged Weapons | 5 6 |  6.7
Fighting       | 3 4 |  4.0
Dodging        | |  1.5
Stealth        | |  1.1

Action                     |  1- 3 |  4- 6 || total
---------------------------+-------+-------++-------
   Fire: Shortbow          |    87 |   181 ||   268
    Use: Scroll            |     3 |     7 ||    10
         Potion            |     1 |     3 ||     4
 Armour: Leather armour    |    26 |       ||    26
         Ring mail         |     6 |   103 ||   109
  Dodge: Dodged            |    30 |    84 ||   114

Table legend:
 A = Non-vault XP
 B = Vault XP
 C = Vault XP percentage of total XP
 D = Non-vault monster count
 E = Vault monster count
 F = Vault count percentage of total count
                 A         B        C        D         E       F
            +---------+---------+-------+---------+---------+-------
      Total |     383 |      82 |  17.6 |      74 |       6 |   7.5
            +---------+---------+-------+---------+---------+-------
        D:1 |      30 |       0 |   0.0 |      15 |       0 |   0.0
        D:2 |     151 |      42 |  21.8 |      30 |       3 |   9.1
        D:3 |     116 |      40 |  25.6 |      22 |       3 |  12.0
        D:4 |      86 |       0 |   0.0 |       7 |       0 |   0.0
            +---------+---------+-------+---------+---------+-------
